 Dungeon Crawl Stone Soup version 0.27.0-1-g7a089689b8 (webtiles) character file.

Game seed: 12841954931833935904

13 MajorAdolf the Sneak (level 2, 0/26 HPs)
             Began as a Naga Wanderer on Aug 4, 2021.
             Slain by a bat (1 damage)
             ... on level 1 of the Dungeon.
             The game lasted 00:01:21 (473 turns).

MajorAdolf the Sneak (Naga Wanderer)                 Turns: 473, Time: 00:01:22

Health: 0/26       AC:  0    Str: 13    XL:     2   Next: 37%
Magic:  2/2        EV:  7    Int: 11    God:
Gold:   40         SH:  7    Dex: 12    Spells: 1/1 levels left

rFire    . . .     SeeInvis +   a - +0 spear
rCold    . . .     Faith    .   c - +0 kite shield
rNeg     . . .     Spirit   .   (no armour)
rPois    +         Reflect  .   (no helmet)
rElec    .         Harm     .   (no cloak)
rCorr    .         Rampage  .   (no gloves)
Will     .....                  (no barding)
Stlth    ++........             (no amulet)
HPRegen  0.08/turn              (no ring)
MPRegen  0.08/turn              (no ring)

@: short of breath, very slow
A: AC +0, large, see invisible, deformed body, poison resistance, slowness 2,
spit poison 1, naga tail 1
a: Spit Poison


You were on level 1 of the Dungeon.
You visited 1 branch of the dungeon, and saw 1 of its levels.

You collected 40 gold pieces.

Inventory:

Hand Weapons
 a - a +0 spear (weapon)
Armour
 b - a +0 ring mail
 c - a +0 kite shield (worn)
Scrolls
 e - a scroll of fog {unknown}
Potions
 d - a potion of attraction {unknown}


   Skills:
 - Level 2.0 Fighting
 - Level 1.0 Polearms
 - Level 2.6 Crossbows
 - Level 1.0 Armour
 - Level 1.0 Dodging
 + Level 3.8 Stealth
 - Level 1.0 Shields


You had one spell level left.
You didn't know any spells.
Your spell library was empty.

Dungeon Overview and Level Annotations

Branches:
Dungeon (1/15)

Altars:


Innate Abilities, Weirdness & Mutations

Your serpentine skin is tough. (AC +0)
You have supernaturally acute eyesight. (SInv)
Armour fits poorly on your strangely shaped body.
Your system is resistant to poisons. (rPois)
You cover ground very slowly.
You can spit poison.
You have a snake-like lower body.


Message History

The bat closely misses you.
There are monsters nearby!
There are monsters nearby!
The bat hits you. You block the bat's attack. The bat hits you.
The bat closely misses you.
You miss the bat. The bat hits you.
The quokka twitches its whiskers.
You hit the bat.
The bat is moderately wounded.
The bat hits you. You block the bat's attack.
You closely miss the bat.
The bat is moderately wounded.
You block the bat's attack. The quokka bites you.
You closely miss the quokka. You block the bat's attack.
The bat barely misses you. The quokka bites you.
You barely miss the bat.
The bat is moderately wounded.
You block the bat's attack. You block the quokka's attack.
The quokka bites you. You block the bat's attack.
You are too injured to fight recklessly!
You are too injured to fight recklessly!
Unknown command.
Press: ? - help, Shift-Dir - straight line, f - quokka
Aim: a quokka The splash of poison misses the quokka.
You block the quokka's attack. The bat barely misses you.
Unknown command.
You closely miss the quokka. The bat hits you. The quokka bites you.
* * * LOW HITPOINT WARNING * * *
The bat hits you.
* * * LOW HITPOINT WARNING * * *
The quokka bites you.
* * * LOW HITPOINT WARNING * * *
You closely miss the quokka. The bat hits you.
* * * LOW HITPOINT WARNING * * *
The quokka bites you.
* * * LOW HITPOINT WARNING * * *
The bat closely misses you.
You barely miss the quokka. The bat hits you.
You die...

..#
#.################
#.#...............
#.#.............#.
#.#...###....⌠...#
#.#..## ##........
#b#..## ##.......[
#@#...###...#'##..
#r#........##(###.
#......⌠...#.##>#.
#.#........##..##.
#.#...###..†####..
#.#..## ##..).....
#.#..# ##........
#.#...###....⌠...#
#.#.............#.


You could see a quokka and a bat.

Vanquished Creatures
  A dart slug (D:1)
  2 ball pythons (D:1)
  A bat (D:1)
  2 endoplasms (D:1)
  A giant cockroach (D:1)
  A frilled lizard (D:1)
  2 kobolds (D:1)
10 creatures vanquished.

Notes
Turn   | Place    | Note
-------+----------+-------------------------------------------
     0 | D:1      | MajorAdolf the Naga Wanderer began the quest for the Orb.
     0 | D:1      | MajorAdolf set off with the following items: a +0 spear, a
                  | +0 ring mail, a +0 kite shield
     0 | D:1      | Reached XP level 1. HP: 19/19 MP: 1/1
    43 | D:1      | Reached skill level 2 in Stealth
    74 | D:1      | Reached skill level 3 in Stealth
    74 | D:1      | Reached XP level 2. HP: 9/26 MP: 2/2
   472 | D:1      | HP: 1/26 [quokka (2)]
   473 | D:1      | Slain by a bat

Illustrated notes

Levels and vault maps discovered:
D:1:      erik_arrival_cave_to_civilisation [erik_arrival_cave_to_hall],
          layout_basic, serial_shops, nicolae_shop_stone, nicolae_shop_stone,
          shop, chequers_serial_rivers_micro_e, minmay_tripent

Skill      XL: |  1 |
---------------+----+-----
Stealth        | 3 |  3.8
Fighting       | |  2.0
Polearms       | |  1.0
Crossbows      | |  2.6
Armour         | |  1.0
Dodging        | |  1.0
Shields        | |  1.0

Action                   || total
-------------------------++-------
Melee: Spear             ||    42
 Abil: Spit Poison       ||     2
Armor: Ring mail         ||    14
Dodge: Dodged            ||    17
Block: Kite shield       ||    21
